 Dungeon Crawl Stone Soup version 0.18.1-2-ga659475 (webtiles) character file.

31 M4edhros the Sneak (level 3, -1/23 HPs)
             Began as an Octopode Artificer on May 8, 2016.
             Slain by a hobgoblin (6 damage)
             ... led by Robin
             ... on level 2 of the Dungeon.
             The game lasted 00:00:29 (626 turns).

M4edhros the Sneak (Octopode Artificer)              Turns: 626, Time: 00:00:30

Health: -1/23      AC:  1    Str: 10    XL:     3   Next: 22%
Magic:  5/5        EV: 12    Int: 14    God:
Gold:   31         SH:  0    Dex: 13    Spells: 0 memorised, 2 levels left

rFire  . . .     SeeInvis .     i - +2 short sword (drain)
rCold  . . .     Gourm    .     (no shield)
rNeg   . . .     Faith    .     (helmet restricted)
rPois  .         Spirit   .     (no amulet)
rElec  .         Dismiss  .     l - ring of sustain attributes
rCorr  .         Reflect  .     (no ring)
SustAt +         Harm     .     (no ring)
MR     .....                    (no ring)
Stlth  ++++......               (no ring)
                                (no ring)
                                (no ring)
                                (no ring)

@: not resistant to hostile enchantments, stealthy
A: almost no armour, amphibious, 8 rings, constrict 8, camouflage 1, gelatinous
body 1
a: no special abilities


You were on level 2 of the Dungeon.
You were not hungry.

You visited 1 branch of the dungeon, and saw 2 of its levels.

You collected 31 gold pieces.

Inventory:

Hand Weapons
 a - a +0 short sword
 i - a +2 short sword of draining (weapon)
Jewellery
 l - a ring of sustain attributes (left tentacle)
Wands
 b - a wand of flame (15/48)
 c - a wand of enslavement (15/24)
 d - a wand of random effects (15/48)
Scrolls
 e - a scroll of teleportation {unknown}
 g - a scroll of fog {unknown}
 k - a scroll of enchant armour {unknown}
Potions
 h - a potion of mutation {unknown}
Comestibles
 f - 2 bread rations
 j - a beef jerky


   Skills:
 - Level 1.0 Fighting
 - Level 1.0 Short Blades
 - Level 2.0 Dodging
 + Level 4.4 Stealth
 - Level 3.2 Evocations


You had 2 spell levels left.
You didn't know any spells.

Dungeon Overview and Level Annotations

Branches:
Dungeon (2/15)

Altars:


Innate Abilities, Weirdness & Mutations

You cannot wear most types of armour.
You are amphibious.
You can wear up to eight rings at the same time.
You can use your tentacles to constrict eight enemies at once.
Your skin changes colour to match your surroundings (Stealth).
Your rubbery body absorbs attacks (AC +1).


Message History

Your squeeze misses Robin.
Robin is heavily wounded.
Robin hits you with a dagger.
You hit Robin but do no damage. You grab Robin. Your squeeze misses Robin.
Robin is heavily wounded.
You constrict Robin, but do no damage.
Robin struggles to escape constriction.
Robin says, "Duck!"
Robin hits you with a dagger.
A worm comes into view.
You hit Robin. You drain Robin!
You kill Robin!
Your Stealth skill increases to level 4!
You have reached level 3!
Your experience leads to an increase in your attributes!
Increase (S)trength, (I)ntelligence, or (D)exterity?
You feel agile. The kobold hits you with a club.
* * * LOW HITPOINT WARNING * * *
The hobgoblin hits you.
You die...

#!# #w#
#.# #.#
#.#
#.######
#Kg..gg#
#g####<#
#@# #.#
#......#
#.#
#.######
#g# #g#
#.#


ggg gg. .?... ..... You could see a worm, a hobgoblin, a goblin and a kobold.

Vanquished Creatures
  Robin (D:2)
  A ball python (D:1)
  A giant cockroach (D:1)
  6 goblins
  4 hobgoblins
  A kobold (D:1)
  2 bats (D:1)
  A giant newt (D:1)
17 creatures vanquished.

Notes
Turn   | Place    | Note
--------------------------------------------------------------
     0 | D:1      | M4edhros the Octopode Artificer began the quest for the Orb.
     0 | D:1      | Reached XP level 1. HP: 13/13 MP: 3/3
    35 | D:1      | Reached skill level 2 in Stealth
   299 | D:1      | Reached XP level 2. HP: 18/18 MP: 4/4
   326 | D:1      | Reached skill level 3 in Stealth
   605 | D:2      | Noticed Robin
   625 | D:2      | Killed Robin
   625 | D:2      | Reached skill level 4 in Stealth
   625 | D:2      | Reached XP level 3. HP: 11/23 MP: 5/5
   626 | D:2      | Slain by a hobgoblin

Skill      XL: |  1  2 |
---------------+-------+-----
Stealth        | 2 4 |  4.4
Fighting       | |  1.0
Short Blades   | |  1.0
Dodging        | |  2.0
Evocations     | |  3.2

Action                   || total
-------------------------++-------
Melee: Short sword       ||    32
       Constrict         ||     7
       Tentacles         ||     5
 Stab: Sleeping          ||     6
Armor: Skin              ||     2
Dodge: Dodged            ||    13
